 Dungeon Sprint DCSS version 0.18.1-50-g88ac8fd (webtiles) character file.

1775 Kagutsuchi the Fighter (level 8, -1/85 HPs)
             Began as a Pale Draconian Berserker on Oct 26, 2016.
             Was a High Priest of Trog.
             Slain by a polar bear (13 damage)
             ... in the Dungeon (Sprint II: "The Violet Keep of Menkaure").
             The game lasted 00:03:10 (857 turns).

Kagutsuchi the Fighter (Pale Draconian Berserker)    Turns: 857, Time: 00:03:11

Health: -1/85      AC:  6    Str: 20    XL:     8   Next: 80%
Magic:  8/8        EV: 18    Int:  8    God:    Trog [*****.]
Gold:   520        SH:  0    Dex: 12    Spells: 0 memorised, 7 levels left

rFire  . . .     SeeInvis .     b - +1 glaive (pain)
rCold  . . .     Gourm    .     (armour unavailable)
rNeg   . . .     Faith    .     (shield currently unavailable)
rPois  .         Spirit   .     (helmet restricted)
rElec  .         Dismiss  .     (no cloak)
rCorr  .         Reflect  .     (no gloves)
SustAt .         Harm     .     (no boots)
MR     .....     NoTele   +     (no amulet)
Stlth  +.........               (no ring)
                                (no ring)

@: exhausted, not resistant to hostile enchantments, very unstealthy
A: breathe steam, unfitting armour, cold-blooded, AC +6
a: Breathe Steam, Berserk, Trog's Hand, Brothers in Arms, Burn Spellbooks,
Renounce Religion


You were in the Dungeon.
You worshipped Trog.
Trog was extremely pleased with you.
You were not hungry.

You visited 1 branch You collected 972 gold pieces.
You spent 452 gold pieces at shops.

Inventory:

Hand Weapons
 a - a +0 falchion
 b - a +1 glaive of pain (weapon)
 i - a +0 long sword
Scrolls
 h - a scroll of blinking
Potions
 c - a potion of curing
 e - a potion of haste
 f - 2 potions of magic
 g - a potion of berserk rage


   Skills:
 + Level 12.5 Fighting
 + Level 11.3 Long Blades
 + Level 1.4 Polearms
 + Level 11.1 Dodging
 + Level 1.1 Stealth


You had 7 spell levels left.
You didn't know any spells.

Dungeon Overview and Level Annotations

Branches:
Dungeon (1/1)

Altars:
Cheibriados
Dithmenos
Elyvilon
Fedhas
Gozag
Kikubaaqudgha
Makhleb
Nemelex Xobeh
Okawaru
Pakellas
Qazlal
Ru
Sif Muna
Trog
Vehumet
Xom
Yredelemnul
Zin
The Shining One
Beogh
Jiyva
Lugonu

Shops:
D ![:=%!!(=}[?::[%

Annotations:
D exclusion: oklob plant


Innate Abilities, Weirdness & Mutations

You can breathe blasts of scalding, opaque steam.
Your pale cyan-grey scales are hard (AC +6).
Your body does not fit into most forms of armour.
You are cold-blooded and may be slowed by cold attacks.


Message History

The polar bear claws you but does no damage.
The polar bear barely misses you. x2
The polar bear claws you but does no damage.
The polar bear misses you. The polar bear barely misses you. x3
You slash the polar bear!
The polar bear is almost dead.
You feel yourself speed up.
The polar bear goes berserk!
The polar bear closely misses you. The polar bear barely misses you. x2
You slash the polar bear!
The polar bear is almost dead.
The polar bear closely misses you. x2; The polar bear completely misses you.
The polar bear bites you.
* * * LOW HITPOINT WARNING * * *
The polar bear claws you.
* * * LOW HITPOINT WARNING * * *
The polar bear claws you.
* * * LOW HITPOINT WARNING * * *
The polar bear bites you!
You die...

.#..# ...# #.# ### #
#..# $# #'###.##..# +..#
.# $( #.##...#..# #..#
.# (?!
.<.'##.+..####..##.#▓$$!
#.##...#....###...##▓▓▓▓
#'###.##...§..≈hc≈≈≈≈≈≈≈
.).####≈≈§§§..≈#h#######
.#..#≈≈≈≈§≈≈..≈#@._.....
...##≈≈≈≈§≈≈≈.≈#._._....
#'##≈≈≈§≈≈§≈§≈≈#_._._...
≈≈≈≈≈≈≈≈≈§§§§≈≈#._._._..
+#+++#≈≈≈≈§≈≈§§#_._._._.
≈SS§ ##§≈§###§§#(_._._..
≈≈≈§≈§##§≈# #≈§#.._._._.
≈≈§≈≈≈≈+§≈# #≈§#..._._..
≈≈§§§≈##≈≈≈≈≈≈§#########


You could see 2 polar bears and a yaktaur.

Vanquished Creatures
  A siren (D)
  A polar bear (D)
  4 neqoxecs (D)
  Menkaure (D)
  A wasp (D)
  4 necrophages (D)
  2 crocodiles (D)
  4 worker ants (D)
  A hell rat (D)
19 creatures vanquished.

Notes
Turn   | Place    | Note
--------------------------------------------------------------
     0 | D        | Kagutsuchi the Draconian Berserker began the quest for the Orb.
     0 | D        | Reached XP level 1. HP: 19/19 MP: 1/1
     1 | D        | Noticed a necrophage
     1 | D        | Noticed a necrophage
     1 | D        | Noticed a necrophage
     1 | D        | Noticed a necrophage
     8 | D        | Killed a necrophage
     8 | D        | Reached skill level 6 in Fighting
     8 | D        | Reached skill level 5 in Long Blades
     8 | D        | Reached skill level 5 in Dodging
     8 | D        | Reached XP level 2. HP: 30/30 MP: 2/2
     8 | D        | Reached XP level 3. HP: 37/37 MP: 3/3
     8 | D        | Reached XP level 4. HP: 44/44 MP: 4/4
     9 | D        | Noticed Menkaure
    12 | D        | Killed a necrophage
    12 | D        | Reached skill level 7 in Fighting
    12 | D        | Reached XP level 5. HP: 51/51 MP: 5/5
    15 | D        | Killed a necrophage
    15 | D        | Reached skill level 8 in Fighting
    19 | D        | Killed a necrophage
    19 | D        | Reached skill level 9 in Fighting
    19 | D        | Reached XP level 6. HP: 62/62 MP: 6/6
    27 | D        | Killed Menkaure
   272 | D        | Noticed a neqoxec
   272 | D        | Noticed a neqoxec
   272 | D        | Noticed a neqoxec
   272 | D        | Noticed a neqoxec
   277 | D        | Killed a neqoxec
   277 | D        | Reached ** piety under Trog
   277 | D        | Reached skill level 10 in Fighting
   277 | D        | Your scales start taking on a pale cyan-grey colour.
   277 | D        | Reached XP level 7. HP: 72/72 MP: 7/7
   279 | D        | Killed a neqoxec
   279 | D        | Reached skill level 10 in Long Blades
   284 | D        | Killed a neqoxec
   284 | D        | Reached skill level 11 in Fighting
   292 | D        | Killed a neqoxec
   300 | D        | Found Qokyom's Gadget Emporium.
   300 | D        | Found Dugyex's Magic Scroll Emporium.
   300 | D        | Found Ycehyeliv's Antique Weapon Shoppe.
   300 | D        | Found Gutiun's Book Emporium.
   300 | D        | Found Piwkiceaxt's Jewellery Shoppe.
   300 | D        | Found Tilaqah's Food Emporium.
   300 | D        | Found Soiwuoh's Antique Armour Shoppe.
   300 | D        | Found Tafoy's Book Shoppe.
   300 | D        | Found Birifoq's Armour Shoppe.
   314 | D        | Noticed a siren
   327 | D        | Killed a siren
   327 | D        | Reached *** piety under Trog
   327 | D        | Reached skill level 10 in Dodging
   327 | D        | Reached XP level 8. HP: 83/83 MP: 8/8
   338 | D        | Found Tiloke's Distillery.
   338 | D        | Found Xymegint's Distillery.
   340 | D        | Found Ohoxa's Food Emporium.
   340 | D        | Found Nily's Jewellery Shoppe.
   340 | D        | Noticed an oklob plant
   341 | D        | Found Deruc's Antique Armour Shoppe.
   341 | D        | Found Ivalamn's Book Shoppe.
   341 | D        | Found Viconn's Distillery.
   349 | D        | Bought a runed glaive for 156 gold pieces
   352 | D        | Bought 2 potions of curing for 84 gold pieces
   352 | D        | Bought a potion of curing for 42 gold pieces
   354 | D        | Bought a potion of curing for 42 gold pieces
   354 | D        | Bought a potion of curing for 42 gold pieces
   354 | D        | Bought a potion of heal wounds for 70 gold pieces
   709 | D        | Bought a beef jerky for 16 gold pieces
   771 | D        | Reached **** piety under Trog
   771 | D        | Reached skill level 12 in Fighting
   807 | D        | Found an oddly glowing altar of Pakellas.
   807 | D        | Found a viscous altar of Jiyva.
   807 | D        | Found a blossoming altar of Fedhas.
   808 | D        | Found a sparkling altar of Nemelex Xobeh.
   808 | D        | Found a sacrificial altar of Ru.
   808 | D        | Found a roughly hewn altar of Beogh.
   809 | D        | Found an ancient bone altar of Kikubaaqudgha.
   809 | D        | Found a snail-covered altar of Cheibriados.
   809 | D        | Found a glowing golden altar of the Shining One.
   809 | D        | Found a glowing silver altar of Zin.
   810 | D        | Found an iron altar of Okawaru.
   810 | D        | Found a radiant altar of Vehumet.
   810 | D        | Found a deep blue altar of Sif Muna.
   810 | D        | Found a shadowy altar of Dithmenos.
   810 | D        | Noticed a polar bear
   811 | D        | Found a bloodstained altar of Trog.
   811 | D        | Found a basalt altar of Yredelemnul.
   811 | D        | Found a burning altar of Makhleb.
   812 | D        | Found a corrupted altar of Lugonu.
   812 | D        | Found a white marble altar of Elyvilon.
   812 | D        | Found an opulent altar of Gozag.
   837 | D        | Killed a polar bear
   837 | D        | Reached skill level 1 in Polearms
   837 | D        | Reached skill level 1 in Stealth
   838 | D        | Found a stormy altar of Qazlal.
   841 | D        | Found a shimmering altar of Xom.
   842 | D        | Noticed a yaktaur
   844 | D        | Noticed a polar bear
   844 | D        | Noticed a polar bear
   852 | D        | Reached ***** piety under Trog
   857 | D        | Slain by a polar bear

Skill      XL: |  1  2  3  4  5  6  7  8 |
---------------+-------------------------+-----
Fighting       | 6 7 9 10 11 12 | 12.5
Long Blades    | 5 7 8 9 11 | 11.3
Dodging        | 5 6 7 8 10 11 | 11.1
Polearms       | 1 |  1.4
Stealth        | 1 |  1.1

Action                   |  1- 3 |  4- 6 |  7- 9 || total
-------------------------+-------+-------+-------++-------
Melee: Falchion          |     6 |    28 |    27 ||    61
       Tailslap          |       |     4 |     7 ||    11
       Glaive            |       |       |    54 ||    54
Invok: Berserk           |     1 |     1 |     3 ||     5
 Abil: Breathe Steam     |       |       |     1 ||     1
  Use: Potion            |       |     1 |     6 ||     7
  Eat: Bread ration      |       |     1 |       ||     1
       Beef jerky        |       |       |     1 ||     1
Armor: Skin              |       |     4 |    25 ||    29
Dodge: Dodged            |     3 |    13 |   109 ||   125
